AoeStats
← 739697286

African Clearing

505189872Analyzed
4v4 RM · 26d ago on Sep 8, 2026· 35m 2s· 8 players
Game mode
Random Map
Map size
Large (8 player)
Population
200
Speed
Normal
Resources
Standard
Victory
Conquest
Starting age
Dark Age
Ending age
Imperial Age
RankedLock teamsTeams togetherTeam positionsShared explorationLock speedFull tech treeHidden civsTurbo modeCheats
Victory
Defeat
🇨🇳 Bulgarians · China
1723
+8
🇹🇷 Bengalis · Türkiye
1680
+9
🇹🇼 Japanese · Taiwan
1643
+10
🇯🇵 Muisca · Japan
1608
+12
1539
-10
🇨🇳 Tatars · China
1521
-10
🇦🇺 Armenians · Australia
1515
-10
🇨🇳 Spanish · China
1508
-9
爱人跟人走
11:39 Feudal Age
12:15 Arson
14:00 Double-Bit Axe
14:02 Loom
21:50 Castle Age
21:56 Scale Mail Armor
22:49 Squires
23:29 Chain Mail Armor
26:22 Horse Collar
29:39 Fletching
31:14 Bodkin Arrow
31:06 Town Watch
34:36 Town Patrol
35:17 Stone Mining
YiMia
6:53 Loom
14:05 Feudal Age
18:49 Castle Age
17:10 Double-Bit Axe
21:24 Bow Saw
22:09 Fishing Lines
23:27 Fletching
25:37 Husbandry
25:33 Horse Collar
25:53 Bodkin Arrow
26:33 Ballistics
26:35 Gold Mining
27:02 Heavy Plow
27:57 Wheelbarrow
28:04 Stone Mining
28:21 Padded Archer Armor
29:03 Thumb Ring
30:22 Town Watch
31:06 Leather Archer Armor
35:04 Imperial Age
33:25 Gold Shaft Mining
33:20 Bloodlines
33:41 Hand Cart
happy gay
9:00 Loom
12:32 Feudal Age
16:22 Castle Age
14:24 Double-Bit Axe
15:54 Fletching
16:01 Fletching
20:53 Padded Archer Armor
21:29 Bodkin Arrow
23:39 Leather Archer Armor
24:55 Horse Collar
31:40 Wheelbarrow
33:38 Ballistics
36:39 Imperial Age
34:27 Gold Mining
34:28 Stone Mining
34:52 Bow Saw
Scheiße
4:18 Loom
14:57 Feudal Age
19:41 Castle Age
19:00 Double-Bit Axe
19:45 Fletching
20:44 Bow Saw
20:19 Elite Skirmisher
21:20 Bodkin Arrow
23:28 Padded Archer Armor
25:23 Ballistics
26:38 Wheelbarrow
33:18 Town Watch
遥かに仰ぎ,麗しの
13:05 Feudal Age
12:13 Loom
18:09 Castle Age
16:22 Bloodlines
16:19 Double-Bit Axe
18:20 Horse Collar
19:27 Bow Saw
24:02 Scale Barding Armor
25:12 Chain Barding Armor
31:58 Husbandry
第一滴血
12:41 Feudal Age
13:56 Loom
17:22 Fletching
20:18 Castle Age
18:38 Double-Bit Axe
21:20 Fletching
739697286
4:40 Loom
14:18 Feudal Age
16:45 Double-Bit Axe
19:10 Castle Age
19:03 Horse Collar
20:46 Heavy Plow
34:42 Bow Saw
Geolia
10:14 Loom
12:31 Feudal Age
12:57 Double-Bit Axe
17:20 Castle Age
17:51 Stone Mining
19:02 Fletching
21:43 Gold Mining
22:26 Bodkin Arrow
25:02 Ballistics
27:34 Bow Saw
Connection lost

Rejoining the realm…

Still unreachable

The connection could not be restored.

Session expired

The server has moved on; the page needs a fresh start.